AoeStats
← Ling

Lombardia

509721974Analyzed
2v2 RM · 3d ago on Sep 27, 2026· 43m 28s· 4 players
Game mode
Random Map
Map size
Medium (4 player)
Population
200
Speed
Normal
Resources
Standard
Victory
Conquest
Starting age
Dark Age
Ending age
Imperial Age
RankedLock teamsTeams togetherTeam positionsShared explorationLock speedFull tech treeHidden civsTurbo modeCheats
Victory
Defeat
🇬🇧 Berbers · United Kingdom
1176
+17
🇬🇧 Lithuanians · United Kingdom
1166
+18
🇪🇸 Danes · Spain
1220
-18
🇵🇪 Magyars · Peru
1192
-17
EL CHANCHO 3026
6:47 Loom
8:56 Feudal Age
9:40 Double-Bit Axe
18:08 Gold Mining
21:17 Castle Age
19:29 Fletching
20:06 Bloodlines
21:19 Wheelbarrow
21:08 Padded Archer Armor
22:13 Bow Saw
22:42 Husbandry
22:36 Town Watch
22:52 Bodkin Arrow
26:32 Ballistics
28:59 Leather Archer Armor
36:35 Imperial Age
34:48 Town Patrol
35:07 Scale Barding Armor
34:58 Stone Mining
35:44 Gold Shaft Mining
37:45 Parthian Tactics
38:58 Chemistry
38:00 Light Cavalry
39:27 Bracer
41:22 Corvinian Army
43:02 Ring Archer Armor
43:32 Thumb Ring
43:05 Elite Skirmisher
RagnarL92
9:01 Loom
11:20 Feudal Age
15:34 Castle Age
14:45 Double-Bit Axe
16:56 Bow Saw
17:54 Horse Collar
18:35 Scale Mail Armor
23:13 Heavy Plow
24:01 Wheelbarrow
24:41 Chain Mail Armor
26:00 Forging
26:11 Squires
26:09 Arson
28:50 Hamask
30:56 Iron Casting
30:23 Padded Archer Armor
30:26 Town Watch
30:58 Hand Cart
30:23 Elite Skirmisher
30:56 Fletching
33:02 Leather Archer Armor
32:46 Bodkin Arrow
36:16 Imperial Age
34:46 Ballistics
35:40 Leather Archer Armor
37:35 Plate Mail Armor
37:06 Bracer
38:06 Blast Furnace
38:49 Conscription
37:56 Elite Jomsviking
39:14 Conscription
41:58 Ring Archer Armor
42:59 Chemistry
LG73
10:00 Loom
12:23 Feudal Age
14:07 Double-Bit Axe
16:55 Castle Age
15:48 Stone Mining
15:51 Double-Bit Axe
18:52 Horse Collar
20:35 Fletching
22:40 Bodkin Arrow
23:33 Bow Saw
23:47 Heavy Plow
24:47 Gold Mining
26:46 Gold Shaft Mining
27:00 Padded Archer Armor
27:46 Town Watch
28:36 Wheelbarrow
29:08 Leather Archer Armor
29:53 Thumb Ring
30:01 Bloodlines
29:54 Husbandry
30:51 Stone Shaft Mining
30:27 Kasbah
34:03 Imperial Age
32:45 Hand Cart
33:45 Bow Saw
35:30 Conscription
36:36 Maghrebi Camels
38:24 Crop Rotation
38:44 Ballistics
39:24 Chemistry
38:35 Masonry
39:26 Elite Camel Archer
40:17 Siege Engineers
41:21 Hoardings
Ling
9:06 Loom
10:52 Feudal Age
13:15 Double-Bit Axe
16:10 Castle Age
21:42 Horse Collar
23:55 Wheelbarrow
24:15 Town Watch
26:06 Fervor
27:05 Heavy Plow
31:38 Scale Barding Armor
32:20 Forging
32:57 Husbandry
33:30 Bloodlines
35:36 Chain Barding Armor
36:43 Iron Casting
40:21 Imperial Age
39:03 Hand Cart
40:28 Gold Mining
40:47 Cavalier
42:34 Plate Barding Armor
41:22 Light Cavalry
Connection lost

Rejoining the realm…

Still unreachable

The connection could not be restored.

Session expired

The server has moved on; the page needs a fresh start.